Map: Incorporeal LE

Players

Kaiman - Winner!

  • Race: Zerg Zerg
  • League: Diamond
  • Spawn Location: 11:00

kitune

  • Race: Zerg Zerg
  • Spawn Location: 5:00

VOD

Have the link to the VOD?

Description

Time

  • Played on: May 25, 2025, 6:31 a.m.
  • Length: 11:02
Show
View Real Time Build Order
Export as new Build Order

Kaiman Zerg - Winner!

Build Orders: Hatch First, Lurkers 

Get SALT Encoding   

  12  0:02  Drone  
  13  0:12  Overlord  
  13  0:16  Drone  
  14  0:30  Drone  
  14  0:31  Drone  
  14  0:34  Drone  
  17  0:50  Hatchery  
  17  0:52  Drone  
  17  0:56  Extractor  
  16  1:08  Spawning Pool  
  15  1:11  Drone  
  15  1:14  Drone  
  17  1:19  Drone  
  18  1:28  Drone  
  19  1:42  Overlord  
  19  1:55  Queen, Zergling x2  
  22  2:02  Queen, Metabolic Boost  
  22  2:06  Zergling x2  
  25  2:09  Zergling x2  
  26  2:31  Drone x4  
  26  2:32  Baneling Nest  
  29  2:41  Drone x2  
  31  2:46  Overlord  
  31  2:55  Drone x2  
  33  3:02  Drone  
  34  3:05  Lair  
  34  3:06  Drone  
  34  3:07  Drone x2  
  37  3:17  Baneling  
  37  3:19  Baneling  
  37  3:23  Drone x5  
  37  3:24  Drone  
  43  3:34  Extractor  
  43  3:39  Roach Warren  
  41  3:41  Drone x2  
  41  3:42  Drone x2, Evolution Chamber  
  41  3:46  Overlord  
  44  3:55  Overlord  
  44  4:01  Extractor  
  44  4:02  Extractor  
  42  4:05  Drone x2  
  42  4:09  Zerg Missile Weapons Level 1  
  44  4:12  Drone x2  
  44  4:14  Drone  
  44  4:15  Hatchery  
  46  4:20  Drone x3  
  46  4:23  Glial Reconstitution  
  49  4:25  Drone  
  49  4:29  Roach  
  49  4:30  Roach  
  54  4:36  Overlord  
  54  4:42  Roach x3  
  54  4:43  Overseer  
  60  4:47  Overlord  
  60  4:55  Roach  
  60  4:56  Roach x2  
  60  4:57  Roach  
  68  5:02  Overlord  
  68  5:05  Roach x2  
  72  5:15  Roach x2  
  76  5:21  Roach  
  76  5:22  Roach x2  
  76  5:27  Queen  
  84  5:29  Roach x2  
  84  5:34  Roach  
  90  5:36  Overlord  
  90  5:53  Overlord  
  90  5:55  Roach  
  90  5:56  Roach x3  
  91  6:17  Zerg Missile Weapons Level 2  
  87  6:21  Drone x10  
  97  6:26  Drone x5  
  102  6:34  Hydralisk Den  
  102  6:37  Roach x2  
  105  6:43  Overlord x2  
  103  6:59  Roach x2  
  105  7:09  Roach x2, Muscular Augments  
  105  7:10  Roach x6  
  105  7:11  Lurker Den  
  114  7:22  Roach  
  114  7:23  Roach x3  
  114  7:29  Roach x2  
  122  7:39  Overlord x3  
  122  8:04  Hydralisk x6  
  122  8:05  Hydralisk x2  
  138  8:08  Roach  
  138  8:09  Roach x3  
  146  8:23  Overlord  
  146  8:24  Grooved Spines  
  146  8:25  Overlord  
  146  8:42  Overlord  
  146  8:45  Lurker x3  
  146  8:46  Lurker x3  
  146  8:47  Lurker  
  153  8:52  Extractor  
  153  8:53  Extractor  
  151  8:57  Roach  
  151  8:58  Drone  
  154  9:09  Drone x2  
  157  9:10  Drone x4  
  157  9:13  Overlord x4  
  160  9:22  Hatchery  
  159  9:26  Roach  
  159  9:27  Overlord  
  159  9:28  Overlord x2  
  142  9:54  Extractor x2  
  142  9:57  Lurker  
  139  10:11  Drone x3  
  139  10:12  Drone x3  
  139  10:13  Drone x5, Hydralisk  
  139  10:14  Drone x2, Hydralisk x2  
  158  10:34  Hydralisk x4  
Show
View Real Time Build Order
Export as new Build Order

kitune Zerg 

Build Orders: Pool First 

Get SALT Encoding   

  12  0:01  Drone  
  13  0:12  Overlord  
  13  0:24  Drone  
  14  0:31  Drone x2  
  16  0:41  Spawning Pool  
  15  0:44  Drone  
  15  0:49  Drone  
  17  1:10  Hatchery  
  16  1:11  Drone  
  16  1:15  Extractor  
  16  1:30  Zergling x6  
  19  1:35  Queen  
  21  2:05  Drone, Overlord  
  22  2:21  Queen  
  24  2:23  Drone  
  24  2:24  Drone x2  
  27  2:33  Queen  
  27  2:35  Drone  
  30  2:38  Drone  
  30  2:40  Drone  
  32  2:52  Drone  
  32  2:53  Drone x3  
  35  3:03  Lair  
  35  3:06  Overlord  
  35  3:11  Overlord  
  35  3:22  Evolution Chamber  
  34  3:36  Roach Warren  
  33  3:42  Evolution Chamber  
  33  3:44  Drone  
  33  3:45  Drone x2, Extractor  
  33  3:46  Drone  
  33  3:47  Drone x5  
  40  3:59  Zerg Missile Weapons Level 1  
  40  4:04  Overlord  
  40  4:05  Drone  
  40  4:06  Drone x2  
  43  4:16  Extractor  
  42  4:18  Drone x2  
  42  4:19  Drone  
  42  4:21  Drone  
  42  4:22  Drone x2  
  48  4:25  Drone  
  49  4:34  Glial Reconstitution  
  49  4:40  Drone x2  
  49  4:42  Roach  
  49  4:43  Roach x3  
  59  4:45  Overlord  
  59  4:46  Overlord  
  59  5:07  Roach  
  59  5:08  Roach x6  
  73  5:25  Roach  
  73  5:28  Overlord  
  75  5:29  Overlord x3  
  75  5:42  Overlord  
  75  5:43  Overlord x2  
  75  5:51  Zerg Ground Armor Level 1  
  75  5:52  Roach x4  
  83  6:00  Roach x6  
  79  6:20  Roach  
  79  6:21  Roach x2  
  83  6:27  Zerg Missile Weapons Level 2  
  83  6:29  Roach x5  
  83  6:30  Roach x2  
  97  6:43  Roach  
  97  6:44  Roach x2, Extractor  
  102  6:49  Hatchery  
  101  6:59  Roach  
  101  7:00  Roach x3  
  107  7:08  Overlord  
  107  7:10  Roach  
  107  7:12  Roach  
  107  7:13  Roach x2  
  97  7:27  Overseer  
  97  7:42  Roach  
  97  7:43  Roach x8  
  115  8:02  Roach  
  115  8:03  Roach x5  
  127  8:07  Queen  
  127  8:22  Roach  
  127  8:23  Roach x4  
  127  8:25  Overlord x2  
  127  8:26  Overlord  
  137  8:28  Hatchery  
  136  8:40  Roach  
  139  8:48  Drone  
  139  8:49  Drone x9  
  139  8:53  Overlord x2  
  139  8:54  Overlord  
  144  9:09  Hydralisk Den  
  143  9:12  Drone x7  
  150  9:21  Overseer  
  150  9:28  Extractor  
  150  9:30  Extractor  
  77  9:58  Roach  
  77  9:59  Roach x12  
  90  10:15  Hydralisk x5, Lurker Den  
  90  10:16  Hydralisk x2  
Tags
 
Composition
Lurkers
League
Diamond
Matchup
ZvZ
Race
Zerg
Spawn Locations
Cross Positions
Add a new tag
Caveats
  • Supply blocks, unpowered buildings, or Contaminate may cause inaccurate times.
  • Supply counts are checked every 10 seconds.